 Dungeon Crawl Stone Soup version 0.28.0-43-g3370ac3207 (webtiles) character file.

Game seed: 12129462862070867249

24931 Gabide the Eclecticist (level 12, 0/89 HPs)
             Began as a Mummy Necromancer on Mar 22, 2022.
             Was an Elder of Sif Muna.
             Slain by an orc high priest
             ... wielding a +0 battleaxe
              (12 damage)
             ... on level 2 of the Orcish Mines on Mar 23, 2022.
             The game lasted 01:10:01 (21195 turns).

Gabide the Eclecticist (Mummy Necromancer)         Turns: 21195, Time: 01:10:02

Health: 0/89       AC:  8    Str: 14    XL:     12   Next: 85%
Magic:  3/40       EV: 19    Int: 18    God:    Sif Muna [****..]
Gold:   1039       SH:  0    Dex: 17    Spells: 25/42 levels left

rFire   x . .      SeeInvis .   m - +4 whip (elec)
rCold   + . .      Faith    .   (no shield)
rNeg    + + +      Spirit   .   e - +1 robe of Etoudog {Will+}
rPois   ∞          Reflect  .   o - +2 helmet of Saupsel {rN+ Str+2}
rElec   .          Harm     .   (no cloak)
rCorr   .          Rampage  .   t - +0 pair of gloves
Will    ++...                   h - +0 pair of boots
Stlth   ++........              a - amulet of Amelioration {rN+ Regen+ Dex+4}
HPRegen 1.04/turn               f - ring of magical power
MPRegen 0.27/turn               v - +4 ring of evasion

@: no status effects
A: cold resistance 1, negative energy resistance 3, torment resistance 2, heat
vulnerability 1, no potions
a: Renounce Religion, Channel Magic, Forget Spell, Divine Exegesis


You were on level 2 of the Orcish Mines.
You worshipped Sif Muna.
Sif Muna was greatly pleased with you.
You visited 3 branches of the dungeon, and saw 15 of its levels.

You collected 1319 gold pieces.
You spent 280 gold pieces at shops.

Inventory:

Hand Weapons
 c - a +5 dagger
 k - a +5 dagger
 m - a +4 whip of electrocution (weapon)
 n - a +2 antimagic great mace
Armour
 e - the +1 robe of Etoudog (worn) {Will+}
   (You found it on level 3 of the Dungeon)

   Will:      It increases your willpower.
 h - a +0 pair of boots (worn)
 o - the +2 helmet of Saupsel (worn) {rN+ Str+2}
   (You acquired it on level 7 of the Dungeon)

   Str:       It affects your strength (+2).
   rN:        It protects you from negative energy.
 t - a +0 pair of gloves (worn)
Magical Staves
 j - a staff of air
Jewellery
 a - the amulet of Amelioration (around neck) {rN+ Regen+ Dex+4}
   (You acquired it on level 4 of the Dungeon)

   [amulet of regeneration]

   Dex:       It affects your dexterity (+4).
   rN:        It protects you from negative energy.
   Regen:     It increases your rate of health regeneration.
 f - a ring of magical power (left hand)
 p - an amulet of regeneration
 v - a +4 ring of evasion (right hand)
Wands
 b - a wand of digging (9)
 l - a wand of flame (29)
 q - a wand of polymorph (3)
Scrolls
 d - 3 scrolls of noise
 g - a scroll of teleportation
 i - 2 scrolls of magic mapping
 r - 2 scrolls of fear
 s - a scroll of blinking
 u - a scroll of fog
 w - 2 scrolls of identify
 x - a scroll of immolation


   Skills:
 * Level 6.8 Fighting
 + Level 1.8 Maces & Flails
 * Level 6.3 Dodging
 + Level 2.9 Stealth
 * Level 15.8 Spellcasting
 * Level 13.7 Necromancy
 * Level 3.2 Invocations
 + Level 1.0 Evocations


You had 25 spell levels left.
You knew the following spells:

 Your Spells              Type           Power      Damage    Failure   Level
a - Pain                  Necr           100%       1d9       0%          1
b - Vampiric Draining     Necr           59%        2d10      1%          3
c - Blink                 Tloc           28%        N/A       7%          2
d - Animate Dead          Necr           29%        N/A       1%          4
e - Agony                 Necr           59%        N/A       1%          5
f - Corpse Rot            Necr/Air       78%        N/A       1%          2

Your spell library contained the following spells:

 Spells                   Type           Power      Damage    Failure   Level
 Animate Skeleton         Necr           100%       N/A       0%          1
 Sandblast                Erth           28%        2d8       4%          1
 Passwall                 Tmut/Erth      11%        N/A       7%          2
 Poisonous Vapours        Pois/Air       28%        N/A       7%          2
 Ozocubu's Armour         Ice            14%        N/A       13%         3
 Stone Arrow              Conj/Erth      28%        3d8       13%         3
 Simulacrum               Ice/Necr       19%        N/A       36%         6
 Fireball                 Conj/Fire      7%         3d5       77%         5
 Iskenderun's Battlesphe  Conj           14%        2d7       77%         5
 Manifold Assault         Tloc           14%        N/A       77%         5
 Metabolic Englaciation   Hex/Ice        7%         N/A       77%         5
 Conjure Ball Lightning   Conj/Air       7%         3x3d6     100%        6
 Orb of Destruction       Conj           7%         9d6       100%        7
 Summon Hydra             Summ           7%         N/A       100%        7
 Sublimation of Blood     Necr           Unusable   N/A       N/A         2
 Wereblood                Tmut           Unusable   N/A       N/A         2
 Storm Form               Tmut/Air       Unusable   N/A       N/A         7

Dungeon Overview and Level Annotations

Branches:
Dungeon (12/15)            Temple (1/1) D:6            Lair (0/6) D:11
    Orc (2/2) D:9             Elf (0/3) Orc:2

Altars:
Ashenzari
Cheibriados
Dithmenos
Elyvilon
Fedhas
Gozag
Hepliaklqana
Kikubaaqudgha
Makhleb
Nemelex Xobeh
Okawaru
Qazlal
Ru
Sif Muna
Trog
Uskayaw
Vehumet
Wu Jian
Xom
Yredelemnul
Zin
The Shining One

Shops:
Orc:2 **


Innate Abilities, Weirdness & Mutations

You are immune to poison.
Your flesh is cold resistant. (rC+)
You are immune to negative energy. (rN+++)
You are immune to unholy pain and torment.
You are vulnerable to heat. (rF-)
You do not drink.


Message History

Okay, then.
You hit the soul eater but do no damage.
The soul eater completely misses you.
You hit the soul eater but do no damage.
The soul eater hits you.
You hit the soul eater but do no damage.
The soul eater barely misses you.
The orc warrior hits you from afar with a +0 trident.
Casting: Vampiric Draining (safe; 1% risk of failure)
Confirm with . or Enter, or press ? or * to list all spells.
Aiming: Agony (mildly dangerous; 1% risk of failure)
Press: ? - help, Shift-Dir - straight line, f - orc high priest, p - orc warrior
Aim: an orc high priest, wielding a +0 battleaxe (chance to affect: 88%)
The orc high priest convulses!
The orc high priest barely misses you. The soul eater hits you.
The orc warrior hits you from afar with a +0 trident!
Casting: Agony (mildly dangerous; 1% risk of failure)
Confirm with . or Enter, or press ? or * to list all spells.
Aiming: Agony (mildly dangerous; 1% risk of failure)
Press: ? - help, Shift-Dir - straight line, f/p - orc high priest
Aim: an orc high priest, wielding a +0 battleaxe (heavily wounded, chance to affect: 88%)
The orc high priest convulses!
The orc high priest utters an invocation to Beogh.
The soul eater completely misses you. The orc warrior completely misses you.
Aiming: Vampiric Draining (safe; 1% risk of failure)
Press: ? - help, Q - select action, (/) - cycle Shift-Dir - straight line, f/p - orc high priest
Aim: an orc high priest, wielding a +0 battleaxe (severely wounded)
You draw life force from the orc high priest!
You feel life coursing into your body!
The orc high priest hits you with a +0 battleaxe!
The orc warrior barely misses you. The soul eater hits you.
You closely miss the orc high priest.
The orc high priest is almost dead.
The sixfirhy completely misses you. The sixfirhy closely misses you.
The sixfirhy hits you!
* * * LOW HITPOINT WARNING * * *
The sixfirhy shocks you!
* * * LOW HITPOINT WARNING * * *
The orc high priest hits you with a +0 battleaxe!
You die...

#..[[#...## #..# ...##
...#[[..## #..##.#.## .#..)..##
#.......## ...#).## ##.#.....#
.#.....## #.3.....# ####
...#....## #..##)#.####..##
#....#..)## #o ##o).####....#
##.....)..## ##3..###.....##
###..###)..## ##@o.###.....##
.###..###...###.43###.....##
..###..###...#)..###.......##
...###..###.#)#.###.........#
#.#####..###.))###..........###
.#..####..###)###...........#.##
......###..#####.....#.........#
.......###..###...#....#......##
..).....##..)#................#


You could see a soul eater (summoned), an orc high priest, a sixfirhy
(summoned), a chaos spawn (summoned) and an orc warrior.

Vanquished Creatures
  An orc warlord (Orc:2)
  An ettin (Orc:2)
  Erolcha (D:11)
  3 two-headed ogres
  A centaur warrior (D:11)
  2 orc high priests (Orc:2)
  A soul eater (Orc:2)
  4 orc knights (Orc:2)
  2 ugly things (D:12)
  3 orc sorcerers (Orc:2)
  A cyclops (D:12)
  A gargoyle (D:11)
  An unseen horror (D:11)
  A komodo dragon (D:11)
  A red devil (Orc:2)
  4 trolls
  A hornet (D:9)
  Sigmund (D:4)
  A shadow (D:12)
  3 wyverns
  A wraith (D:12)
  A ynoxinul (Orc:2)
  A vampire (D:6)
  Eustachio (D:5)
  13 yaks
  3 vampire mosquitoes
  2 wargs (Orc:2)
  2 acid dragons
  Duvessa (D:4)
  2 water moccasins (D:6)
  A sky beast (D:6)
  26 orc warriors
  A hornet zombie (D:8)
  2 necrophages
  An ice beast (D:7)
  A black bear (D:5)
  2 centaurs
  8 ogres
  A phantom (D:7)
  Blork the orc (D:5)
  3 kobold brigands
  A bullfrog (D:9)
  3 scorpions
  2 water moccasin zombies
  Dowan (D:4)
  3 wights (D:10)
  8 electric eels
  7 howler monkeys
  2 centaur zombies
  4 jellies
  20 orc priests
  3 hounds
  A bullfrog skeleton (D:6)
  3 gnoll shamans
  23 orc wizards
  A killer bee zombie (D:8)
  A hound zombie (D:5)
  29 gnolls
  4 adders
  3 ufetubi
  2 worms (D:4)
  5 dart slugs
  70 orcs
  7 ball pythons
  7 bats
  5 endoplasms
  4 giant cockroaches
  5 goblins
  6 hobgoblins
  15 jackals
  3 quokkas
  5 frilled lizards
  15 kobolds
  4 rats
380 creatures vanquished.

Vanquished Creatures (collateral kills)
  A rust devil (Orc:2)
  A warg (Orc:2)
  4 orc warriors (Orc:2)
  A jelly (D:7)
  2 orc priests (Orc:2)
  6 gnolls (D:4)
  9 orcs
  5 kobolds (D:8)
29 creatures vanquished.

Vanquished Creatures (others)
  An orc wizard (D:8)
  27 plants (D:11)
28 creatures vanquished.

Grand Total: 437 creatures vanquished

Notes
Turn   | Place    | Note
-------+----------+-------------------------------------------
     0 | D:1      | Gabide the Mummy Necromancer began the quest for the Orb.
     0 | D:1      | Reached XP level 1. HP: 13/13 MP: 4/4
   107 | D:1      | Reached XP level 2. HP: 19/19 MP: 2/5
   161 | D:1      | You fall into a shaft and drop 1 floor!
   463 | D:1      | Reached skill level 3 in Spellcasting
   972 | D:1      | Reached XP level 3. HP: 25/25 MP: 3/7
  1030 | D:1      | Found a faded altar of an unknown god.
  1239 | D:1      | Learned a level 3 spell: Vampiric Draining
  1486 | D:2      | Learned a level 2 spell: Blink
  2249 | D:3      | Reached XP level 4. HP: 31/31 MP: 1/8
  2638 | D:3      | Identified the +1 robe of Etoudog {Will+}
  3358 | D:4      | Noticed an ogre
  3424 | D:3      | Killed an ogre
  3425 | D:3      | Reached skill level 1 in Fighting
  3425 | D:3      | Reached skill level 4 in Spellcasting
  3425 | D:3      | Reached skill level 5 in Necromancy
  3425 | D:3      | Reached XP level 5. HP: 32/37 MP: 0/11
  4022 | D:4      | Noticed an ogre
  4027 | D:4      | Killed an ogre
  4028 | D:4      | Reached skill level 5 in Spellcasting
  4028 | D:4      | Reached XP level 6. HP: 43/43 MP: 5/13
  4092 | D:4      | Learned a level 4 spell: Animate Dead
  4098 | D:4      | Learned a level 5 spell: Agony
  4449 | D:4      | Identified a scroll of acquirement
  4451 | D:4      | Acquired the amulet of Amelioration {rN+ Regen+ Dex+4}
  4690 | D:4      | Noticed Sigmund
  4697 | D:4      | Killed Sigmund
  4698 | D:4      | Reached skill level 6 in Spellcasting
  4698 | D:4      | Reached XP level 7. HP: 45/51 MP: 9/16
  5366 | D:4      | Reached skill level 7 in Spellcasting
  5832 | D:4      | Reached XP level 8. HP: 46/57 MP: 13/18
  5889 | D:4      | Noticed a moth of wrath
  5892 | D:4      | Found a bloodstained altar of Trog.
  6283 | D:5      | Entered Level 5 of the Dungeon
  6289 | D:5      | Noticed Duvessa
  6291 | D:5      | Noticed Dowan
  6401 | D:4      | Killed Duvessa
  6650 | D:4      | Killed Dowan
  6997 | D:5      | Reached skill level 8 in Spellcasting
  7087 | D:5      | Found a blossoming altar of Fedhas.
  7191 | D:5      | Noticed Blork the orc
  7197 | D:5      | Killed Blork the orc
  7672 | D:5      | Noticed Eustachio
  7695 | D:5      | Killed Eustachio
  7696 | D:5      | Reached skill level 9 in Spellcasting
  8065 | D:6      | Reached XP level 9. HP: 65/65 MP: 11/22
  8565 | D:6      | Learned a level 2 spell: Corpse Rot
  8641 | D:6      | Reached skill level 1 in Maces & Flails
  9076 | D:6      | Found a staircase to the Ecumenical Temple.
  9220 | Temple   | Entered the Ecumenical Temple
  9277 | Temple   | Became a worshipper of Sif Muna the Loreminder
  9534 | D:7      | Reached skill level 10 in Spellcasting
  9822 | D:7      | Found a sacrificial altar of Ru.
  9823 | D:7      | Found a shimmering altar of Xom.
  9824 | D:7      | Found an ornate altar of the Wu Jian Council.
  9830 | D:7      | Found a basalt altar of Yredelemnul.
  9830 | D:7      | Found a broken altar of Ashenzari.
  9861 | D:7      | Found a burning altar of Makhleb.
  9897 | D:7      | Found an opulent altar of Gozag.
 10743 | D:7      | Reached XP level 10. HP: 42/73 MP: 16/24
 11056 | D:8      | Found a radiant altar of Vehumet.
 11217 | D:8      | Reached skill level 10 in Necromancy
 11227 | D:8      | Reached * piety under Sif Muna
 11420 | D:7      | Acquired the +2 helmet of Saupsel {rN+ Str+2}
 11657 | D:8      | Reached skill level 11 in Spellcasting
 12644 | D:9      | Found a staircase to the Orcish Mines.
 12659 | D:9      | Reached ** piety under Sif Muna
 13111 | D:9      | Reached skill level 12 in Spellcasting
 13343 | D:10     | Entered Level 10 of the Dungeon
 13347 | D:10     | Reached skill level 5 in Fighting
 13665 | D:10     | Noticed a two-headed ogre
 13673 | D:10     | Killed a two-headed ogre
 13674 | D:10     | Reached skill level 5 in Dodging
 14259 | D:10     | Reached XP level 11. HP: 55/80 MP: 15/27
 15034 | D:11     | Noticed a centaur warrior
 15047 | D:11     | Killed a centaur warrior
 15246 | D:11     | Noticed a two-headed ogre
 15253 | D:11     | Killed a two-headed ogre
 15331 | D:11     | Found a staircase to the Lair.
 15459 | D:11     | Reached skill level 13 in Spellcasting
 15706 | D:11     | Noticed a two-headed ogre
 15711 | D:11     | Killed a two-headed ogre
 15985 | D:11     | Noticed Erolcha
 15992 | D:11     | Killed Erolcha
 16788 | D:12     | Noticed a cyan ugly thing
 16792 | D:12     | Killed a cyan ugly thing
 17222 | D:12     | Noticed a green ugly thing
 17231 | D:12     | Killed a green ugly thing
 17452 | D:12     | Reached *** piety under Sif Muna
 17661 | D:12     | Reached skill level 14 in Spellcasting
 17691 | D:12     | Reached skill level 1 in Invocations
 18308 | Orc:1    | Entered Level 1 of the Orcish Mines
 18738 | Orc:2    | Entered Level 2 of the Orcish Mines
 18971 | Orc:2    | Noticed an orc knight
 19093 | Orc:2    | Noticed an ettin
 19126 | Orc:2    | Killed an ettin
 19127 | Orc:2    | Reached XP level 12. HP: 74/88 MP: 25/30
 19376 | Orc:2    | Noticed an orc warlord
 19544 | Orc:1    | Reached **** piety under Sif Muna
 20026 | Orc:2    | Found a staircase to the Elven Halls.
 20189 | Orc:2    | Killed an orc warlord
 20412 | Orc:2    | Found Gubye's General Store.
 20529 | Orc:2    | Reached skill level 15 in Spellcasting
 20546 | Orc:2    | Found Gelo's General Store.
 20751 | Orc:2    | Bought a scroll of enchant weapon for 112 gold pieces
 20753 | Orc:2    | Bought a wand of mindburst (6) for 140 gold pieces
 20753 | Orc:2    | Bought a scroll of identify for 28 gold pieces
 20788 | Orc:2    | Noticed an orc high priest
 20789 | Orc:2    | Noticed an orc high priest
 20802 | Orc:2    | Killed an orc high priest
 20809 | Orc:2    | Killed an orc high priest
 21182 | Orc:2    | Reached skill level 1 in Evocations
 21183 | Orc:2    | Noticed an orc high priest
 21195 | Orc:2    | Slain by an orc high priest

Illustrated notes

Levels and vault maps discovered:
D:1:      dpeg_arrival_long_road, layout_loops_ring,
          ebering_ecumenical_altar_webs
D:2:      layout_loops_ring
D:3:      layout_basic
D:4:      lemuel_castle_with_subvaults [lemuel_castle_interior_original],
          layout_rooms, tgw_trog, uniq_sigmund
D:5:      layout_gridville, kennysheep_mini, uniq_eustachio, uniq_blork_the_orc,
          uniq_duvessa
D:6:      layout_rooms, lemuel_temple_firewalk_a
D:7:      layout_rooms, mainiacjoe_overflow_paths, grunt_temple_overflow_open,
          nicolae_gozag_seed_capital, serial_corexii_hall,
          chequers_hall_statues_y, chequers_hall_statues_corner_a,
          corexii_hall_statues_deadend, corexii_hall_statues_x,
          corexii_hall_statues_l, corexii_hall_statues_s, serial_park_tiny_1
D:8:      layout_cave_pools, mainiacjoe_overflow_alcove_1,
          minmay_misc_feat_encased
D:9:      layout_cave_pools, erik_orc_2, st_stairs_9
D:10:     layout_loops_cross, minmay_stone_trees_small
D:11:     layout_basic, david_lair_shrubbed, uniq_erolcha
D:12:     layout_roguey
Temple:   zaba_magenta_temple
Orc:1:    layout_diamond_mine, nicolae_volcano_entry_hallway
Orc:2:    pf_orc_diabolical, layout_caves

Skill      XL: |  1  2  3  4  5  6  7  8  9 10 11 12 |
---------------+-------------------------------------+-----
Spellcasting   | 3 4 5 6 7 9 10 12 14 15 | 15.8
Dodging        | 2 3 4 5 6 |  6.3
Fighting       | 1 2 3 4 5 6 |  6.8
Necromancy     | 5 6 8 9 11 12 13 | 13.7
Maces & Flails | 1 |  1.8
Stealth        | 2 |  2.9
Invocations    | 1 3 |  3.2
Evocations     | 1 |  1.0

Action                   |  1- 3 |  4- 6 |  7- 9 | 10-12 || total
-------------------------+-------+-------+-------+-------++-------
Melee: Unarmed           |     5 |     1 |       |       ||     6
       Whip              |       |    14 |   153 |   239 ||   406
       Punch             |       |       |     4 |     4 ||     8
       Dagger            |       |       |     2 |       ||     2
Throw: Throwing net      |       |       |     7 |     1 ||     8
 Cast: Pain              |    77 |    83 |   122 |   288 ||   570
       Vampiric Draining |     2 |     7 |    83 |   215 ||   307
       Animate Dead      |       |     2 |    15 |    15 ||    32
       Agony             |       |       |     9 |    46 ||    55
       Blink             |       |       |     1 |    10 ||    11
Invok: Channel Magic     |       |       |       |     1 ||     1
Evoke: Wand              |       |       |     1 |    32 ||    33
  Use: Scroll            |       |     4 |     5 |    10 ||    19
 Stab: Held in net/web   |       |       |     1 |       ||     1
       Sleeping          |       |       |     1 |       ||     1
       Distracted        |       |       |       |     1 ||     1
Armor: Robe              |     1 |     7 |    50 |   112 ||   170
Dodge: Dodged            |    12 |    17 |   253 |   443 ||   725
